 Dungeon Crawl Stone Soup version 0.17-a0-1575-g9a29ec8 (webtiles) character file.

55 HEYYEYAAE the Skirmisher (level 3, -6/49 HPs)
             Began as a Draconian Berserker on July 26, 2015.
             Was a Believer of Trog.
             Mangled by a hobgoblin
             ... wielding a +0 club
             ... led by Robin
              (10 damage)
             ... on level 2 of the Dungeon.
             The game lasted 00:01:06 (1321 turns).

HEYYEYAAE the Skirmisher (Draconian Berserker)      Turns: 1321, Time: 00:01:06

Health: -6/49      AC:  8    Str: 25    XL:     3   Next: 67%
Magic:  3/3        EV: 12    Int:  7    God:    Trog [**....]
Gold:   88         SH:  0    Dex: 10    Spells: 0 memorised, 2 levels left

rFire  . . .     SeeInvis .     a - +0 falchion
rCold  . . .     Clarity  .     (armour unavailable)
rNeg   . . .     SustAt   .     (no shield)
rPois  .         Gourm    .     (helmet restricted)
rElec  .         Spirit   .     (no cloak)
rCorr  .         Warding  .     (no gloves)
rMut   .         Stasis   .     j - +2 pair of boots
MR     .....                    (no amulet)
Stlth  ..........               (no ring)
                                (no ring)

@: berserking (expiring), very quick, not resistant to hostile enchantments,
extremely unstealthy
A: unfitting armour, cold-blooded, AC +5
a: Burn Spellbooks, Berserk, Trog's Hand, Renounce Religion


You were on level 2 of the Dungeon.
You worshipped Trog.
Trog was pleased with you.
You were hungry.

You visited 1 branch of the dungeon, and saw 2 of its levels.

You collected 88 gold pieces.

Inventory:

Hand weapons
 a - a +0 falchion (weapon)
Armour
 j - a +2 pair of boots (worn)
Scrolls
 c - a scroll of noise {unknown}
 d - a scroll of immolation {unknown}
 f - a scroll of fog {unknown}
 g - 2 scrolls of identify {unknown}
 i - a scroll of random uselessness {unknown}
 k - a scroll of blinking {unknown}
 l - a scroll of amnesia {unknown}
 o - a scroll of remove curse {unknown}
Potions
 e - a potion of lignification {unknown}
 h - a potion of mutation {unknown}
 n - a potion of flight {unknown}
 q - a potion of invisibility {unknown}
Comestibles
 b - 2 bread rations
 m - a meat ration
 p - a beef jerky


   Skills:
 * Level 4.2 Fighting
 * Level 3.6 Long Blades
 * Level 3.1 Dodging


You had 2 spell levels left.
You didn't know any spells.

Dungeon Overview and Level Annotations

Branches:
Dungeon (2/15)

Altars:

Annotations:
D:2 Robin


Innate Abilities, Weirdness & Mutations

Your plain brown scales are hard (AC +5).
Your body does not fit into most forms of armour.
You are cold-blooded and may be slowed by cold attacks.


Message History

* * * LOW HITPOINT WARNING * * *
The hobgoblin misses you. The goblin barely misses you.
The goblin barely misses you. The goblin hits you but does no damage.
You miss the goblin.
The goblin is severely wounded.
The goblin barely misses you. The goblin hits you but does no damage.
You miss the goblin.
The goblin is severely wounded.
The hobgoblin hits you but does no damage.
The goblin hits you with a dagger.
* * * LOW HITPOINT WARNING * * *
The goblin closely misses you. The goblin completely misses you.
The goblin hits you with a dagger.
* * * LOW HITPOINT WARNING * * *
You hit the goblin.
You kill the goblin!
Trog accepts your kill. The goblin closely misses you.
The goblin hits you but does no damage. The hobgoblin hits you with a club!
You die...

#.# #.# #.# # ##.### #.
##..... ...###########
#......
#....gg.....######...#.
...##gggg............##.
#.....g@g...........###.
######g######..#........
#. #........... #.
##.#........ #.
#.##....##. ..
########### #. #.


You could see Robin, 3 hobgoblins and 5 goblins.

Vanquished Creatures
  2 adders (D:2)
  An ooze (D:1)
  A worm (D:2)
  2 giant geckos (D:1)
  2 giant cockroaches (D:1)
  5 goblins
  2 hobgoblins (D:1)
  2 kobolds
  A quokka (D:2)
  5 bats
  8 giant newts
  2 rats (D:1)
33 creatures vanquished.

Notes
Turn   | Place    | Note
--------------------------------------------------------------
     0 | D:1      | HEYYEYAAE the Draconian Berserker began the quest for the Orb.
     0 | D:1      | Reached XP level 1. HP: 19/19 MP: 1/1
   101 | D:1      | Reached XP level 2. HP: 9/26 MP: 2/2
   675 | D:1      | Acquired Trog's second power
  1006 | D:2      | Reached XP level 3. HP: 31/33 MP: 3/3
  1037 | D:2      | Reached skill level 4 in Fighting
  1307 | D:2      | Noticed Robin
  1321 | D:2      | Mangled by a hobgoblin

Vault maps used:
D:1:      erik_arrival_cave_to_civilisation, minmay_lizard_king
D:2:      lemuel_coloured_pillars_altar, grunt_decor_arrowhead, uniq_robin,
          uniq_jessica

Action                   || total
-------------------------++-------
Melee: Falchion          ||   101
Invok: Berserk           ||     1
 Stab: Sleeping          ||     1
  Eat: Chunk             ||     1
